| TOP OF THE 1ST |
|
Minnesota Twins batting - Pitching for Boston Red Sox : LHP Kenneth Kollmyer
|
|
Pitching: LHP Kenneth Kollmyer
|
|
|
Batting: RHB Lee Lacy
|
0-0: Ball 1-0: Fly out, F7 (Flyball, 7LS, EV 92.5 MPH)
|
|
Batting: RHB Steve Brye
|
0-0: Called Strike 0-1: Called Strike 0-2: Strikes out swinging
|
|
Batting: RHB Tom Brown
|
0-0: Ball 1-0: Ground out 6-3 (Groundball, 6, EV 83.1 MPH)
|
| Top of the 1st over - 0 runs, 0 hits, 0 errors, 0 left on base; Minnesota 0 - Boston 0 |
| BOTTOM OF THE 1ST |
|
Boston Red Sox batting - Pitching for Minnesota Twins : RHP Marcos Ortega
|
|
Pitching: RHP Marcos Ortega
|
|
|
Batting: LHB Claudell Washington
|
0-0: Foul Ball, location: 2F 0-1: Ball 1-1: Called Strike 1-2: Strikes out swinging
|
|
Batting: LHB Willie Aikens
|
0-0: Called Strike 0-1: Ball 1-1: Foul Ball, location: 2F 1-2: Fly out, F8 (Flyball, 8RM, EV 73.8 MPH)
|
|
Batting: RHB Jeff Burroughs
|
0-0: Ball 1-0: Foul Ball, location: 2F 1-1: Foul Ball, location: 2F 1-2: Ball 2-2: Foul Ball, location: 2F 2-2: Ball 3-2: SINGLE (Flyball, 56D, EV 91.3 MPH) - OUT at second base trying to stretch hit.
|
| Bottom of the 1st over - 0 runs, 1 hit, 0 errors, 0 left on base; Minnesota 0 - Boston 0 |
| TOP OF THE 2ND |
|
Minnesota Twins batting - Pitching for Boston Red Sox : LHP Kenneth Kollmyer
|
|
Batting: RHB Randy Edwards
|
0-0: Ball 1-0: Called Strike 1-1: Ground out 3-1 (Groundball, 34S, EV 82.5 MPH)
|
|
Batting: RHB Chet Lemon
|
0-0: Called Strike 0-1: Ball 1-1: Fly out, F7 (Line Drive, 7D, EV 101.3 MPH)
|
|
Batting: LHB Lloyd Moseby
|
0-0: Called Strike 0-1: Ball 1-1: Ground out 4-3 (Groundball, 4, EV 86.3 MPH)
|
| Top of the 2nd over - 0 runs, 0 hits, 0 errors, 0 left on base; Minnesota 0 - Boston 0 |
| BOTTOM OF THE 2ND |
|
Boston Red Sox batting - Pitching for Minnesota Twins : RHP Marcos Ortega
|
|
Batting: LHB George Brett
|
0-0: Ball 1-0: Ball 2-0: Ball 3-0: Base on Balls
|
|
Batting: SHB Dave Collins
|
0-0: Swinging Strike 0-1: Swinging Strike 0-2: Ball 1-2: Foul Ball, location: 2F 1-2: SINGLE (Groundball, 5L, EV 108.1 MPH) (infield hit) George Brett to second
|
|
Batting: SHB Scotti Madison
|
0-0: Ball 1-0: Called Strike 1-1: Foul Ball, location: 2F 1-2: Ball 2-2: Ball 3-2: Strikes out swinging
|
|
Batting: LHB Daryl Sconiers
|
0-0: Called Strike 0-1: Swinging Strike 0-2: Ball 1-2: Strikes out looking
|
|
Batting: SHB Nelson Norman
|
0-0: Ground out 5-3 (Groundball, 15, EV 75.6 MPH)
|
| Bottom of the 2nd over - 0 runs, 1 hit, 0 errors, 2 left on base; Minnesota 0 - Boston 0 |
| TOP OF THE 3RD |
|
Minnesota Twins batting - Pitching for Boston Red Sox : LHP Kenneth Kollmyer
|
|
Batting: RHB George Foster
|
0-0: Fly out, F7 (Line Drive, 7, EV 92.5 MPH)
|
|
Batting: RHB Brook Jacoby
|
0-0: Ball 1-0: Ground out 6-3 (Groundball, 6, EV 84.4 MPH)
|
|
Batting: LHB Ken Oberkfell
|
0-0: Called Strike 0-1: Ball 1-1: Ball 2-1: SINGLE (Groundball, 56D, EV 96.9 MPH)
|
|
Batting: RHB Lee Lacy
|
0-0: Ball 1-0: Foul Ball, location: 2F 1-1: SINGLE (Flyball, 89S, EV 88.8 MPH) Ken Oberkfell to second Runner from 2nd tries for 3rd, SAFE, throw by RF made to third
|
|
Batting: RHB Steve Brye
|
0-0: Ball 1-0: Called Strike 1-1: Foul Ball, location: 2F 1-2: Ball 2-2: Ball 3-2: Fly out, F7 (Line Drive, 7, EV 94.4 MPH)
|
| Top of the 3rd over - 0 runs, 2 hits, 0 errors, 2 left on base; Minnesota 0 - Boston 0 |
| BOTTOM OF THE 3RD |
|
Boston Red Sox batting - Pitching for Minnesota Twins : RHP Marcos Ortega
|
|
Batting: RHB Kevin Klettke
|
0-0: Called Strike 0-1: Foul Ball, location: 2F 0-2: Ball 1-2: Ball 2-2: Strikes out swinging
|
|
Batting: LHB Claudell Washington
|
0-0: Called Strike 0-1: Called Strike 0-2: Ball 1-2: Foul Ball, location: 2F 1-2: Strikes out looking
|
|
Batting: LHB Willie Aikens
|
0-0: Called Strike 0-1: Ball 1-1: Foul Ball, location: 2F 1-2: Foul Ball, location: 2F 1-2: Fly out, F6 (Flyball, 6D, EV 77.5 MPH)
|
| Bottom of the 3rd over - 0 runs, 0 hits, 0 errors, 0 left on base; Minnesota 0 - Boston 0 |
| TOP OF THE 4TH |
|
Minnesota Twins batting - Pitching for Boston Red Sox : LHP Kenneth Kollmyer
|
|
Batting: RHB Tom Brown
|
0-0: Ball 1-0: Ball 2-0: Ball 3-0: Called Strike 3-1: Swinging Strike 3-2: Ground out 4-3 (Groundball, 4, EV 87.5 MPH)
|
|
Batting: RHB Randy Edwards
|
0-0: Called Strike 0-1: Foul Ball, location: 2F 0-2: Ball 1-2: Ground out 6-3 (Groundball, 56D, EV 86.9 MPH)
|
|
Batting: RHB Chet Lemon
|
0-0: Ball 1-0: Ball 2-0: Swinging Strike 2-1: Fly out, F7 (Line Drive, 7D, EV 100.0 MPH)
|
| Top of the 4th over - 0 runs, 0 hits, 0 errors, 0 left on base; Minnesota 0 - Boston 0 |
| BOTTOM OF THE 4TH |
|
Boston Red Sox batting - Pitching for Minnesota Twins : RHP Marcos Ortega
|
|
Batting: RHB Jeff Burroughs
|
0-0: Called Strike 0-1: DOUBLE (Flyball, 89XD, EV 112.5 MPH)
|
|
Batting: LHB George Brett
|
0-0: Ball 1-0: Called Strike 1-1: Called Strike 1-2: Fly out, F8 (Flyball, 8RS, EV 83.1 MPH)
|
|
Batting: SHB Dave Collins
|
0-0: SINGLE (Flyball, 3D, EV 87.5 MPH) Jeff Burroughs to third
|
|
Batting: SHB Scotti Madison
|
0-0: Fly out, F8 (Line Drive, 8RD, EV 86.3 MPH) Runner from 3rd tags up, SCORES, throw by CF
|
|
Batting: LHB Daryl Sconiers
|
0-0: Ball 1-0: Called Strike 1-1: Ball 2-1: Fly out, F3 (Line Drive, 3, EV 65.6 MPH)
|
| Bottom of the 4th over - 1 run, 2 hits, 0 errors, 1 left on base; Minnesota 0 - Boston 1 |
| TOP OF THE 5TH |
|
Minnesota Twins batting - Pitching for Boston Red Sox : LHP Kenneth Kollmyer
|
|
Batting: LHB Lloyd Moseby
|
0-0: Ball 1-0: Ball 2-0: Called Strike 2-1: Foul Ball, location: 2F 2-2: SINGLE (Groundball, 34D, EV 97.5 MPH)
|
|
Batting: RHB George Foster
|
0-0: Called Strike 0-1: Ball 1-1: Ball 2-1: Grounds into double play, 5-4-3 (Groundball, 56S, EV 89.4 MPH)
|
|
Batting: RHB Brook Jacoby
|
0-0: Called Strike 0-1: Foul Ball, location: 2F 0-2: Strikes out swinging
|
| Top of the 5th over - 0 runs, 1 hit, 0 errors, 0 left on base; Minnesota 0 - Boston 1 |
| BOTTOM OF THE 5TH |
|
Boston Red Sox batting - Pitching for Minnesota Twins : RHP Marcos Ortega
|
|
Batting: SHB Nelson Norman
|
0-0: Ball 1-0: Fly out, F9 (Flyball, 89D, EV 96.9 MPH)
|
|
Batting: RHB Kevin Klettke
|
0-0: Called Strike 0-1: Ball 1-1: Ball 2-1: Swinging Strike 2-2: Ball 3-2: Foul Ball, location: 2F 3-2: Base on Balls
|
|
Batting: LHB Claudell Washington
|
0-0: Foul Ball, location: 2F 0-1: Ball 1-1: Fly out, F9 (Flyball, 9D, EV 100.0 MPH)
|
|
Batting: LHB Willie Aikens
|
0-0: Ground out 5-3 (Groundball, 56S, EV 65.6 MPH)
|
| Bottom of the 5th over - 0 runs, 0 hits, 0 errors, 1 left on base; Minnesota 0 - Boston 1 |
| TOP OF THE 6TH |
|
Minnesota Twins batting - Pitching for Boston Red Sox : LHP Kenneth Kollmyer
|
|
Batting: LHB Ken Oberkfell
|
0-0: Swinging Strike 0-1: Ball 1-1: Fly out, F9 (Flyball, 89M, EV 92.5 MPH)
|
|
Batting: RHB Lee Lacy
|
0-0: Fly out, F5 (Popup, 25, EV 91.3 MPH)
|
|
Batting: RHB Steve Brye
|
0-0: Called Strike 0-1: Foul Ball, location: 2F 0-2: Strikes out looking
|
| Top of the 6th over - 0 runs, 0 hits, 0 errors, 0 left on base; Minnesota 0 - Boston 1 |
| BOTTOM OF THE 6TH |
|
Boston Red Sox batting - Pitching for Minnesota Twins : RHP Marcos Ortega
|
|
Batting: RHB Jeff Burroughs
|
0-0: Foul Ball, location: 2F 0-1: Ball 1-1: Foul Ball, location: 2F 1-2: Ball 2-2: Ball 3-2: Foul Ball, location: 2F 3-2: SINGLE (Groundball, 56D, EV 102.5 MPH)
|
|
Batting: LHB George Brett
|
0-0: Ball Wild Pitch! Jeff Burroughs to second 1-0: Called Strike 1-1: SINGLE (Line Drive, 34D, EV 98.8 MPH) Jeff Burroughs to third Runner from 3rd tries for Home, SAFE, throw by RF to home George Brett to second
|
|
Batting: SHB Dave Collins
|
0-0: Called Strike 0-1: SINGLE (Line Drive, 89S, EV 110.0 MPH) George Brett to third Runner from 3rd tries for Home, SAFE, throw by CF to home
|
|
Batting: SHB Scotti Madison
|
0-0: Ball Dave Collins steals 2nd base 1-0: Called Strike 1-1: Fly out, F7 (Flyball, 7, EV 88.8 MPH)
|
|
Batting: LHB Daryl Sconiers
|
0-0: Ball 1-0: Called Strike 1-1: Foul Ball, location: 2F 1-2: Ball 2-2: Strikes out swinging
|
|
Batting: SHB Nelson Norman
|
0-0: Called Strike 0-1: Ground out 4-3 (Groundball, 4, EV 98.1 MPH)
|
| Bottom of the 6th over - 2 runs, 3 hits, 0 errors, 1 left on base; Minnesota 0 - Boston 3 |
| TOP OF THE 7TH |
|
Minnesota Twins batting - Pitching for Boston Red Sox : LHP Kenneth Kollmyer
|
|
Batting: RHB Tom Brown
|
0-0: Fly out, F7 (Flyball, 7LS, EV 96.3 MPH)
|
|
Batting: RHB Randy Edwards
|
0-0: Called Strike 0-1: Foul Ball, location: 2F 0-2: Ground out 6-3 (Groundball, 6, EV 84.4 MPH)
|
|
Batting: RHB Chet Lemon
|
0-0: Ball 1-0: Called Strike 1-1: Ball 2-1: Foul Ball, location: 2F 2-2: Foul Ball, location: 2F 2-2: Ball 3-2: SINGLE (Line Drive, 8RS, EV 90.0 MPH)
|
|
Batting: LHB Lloyd Moseby
|
0-0: Ball 1-0: Ball 2-0: Ball 3-0: Called Strike 3-1: Foul Ball, location: 2F 3-2: Fly out, F8 (Flyball, 8RS, EV 87.5 MPH)
|
| Top of the 7th over - 0 runs, 1 hit, 0 errors, 1 left on base; Minnesota 0 - Boston 3 |
| BOTTOM OF THE 7TH |
|
Boston Red Sox batting - Pitching for Minnesota Twins : RHP Marcos Ortega
|
|
Batting: RHB Kevin Klettke
|
0-0: Ball 1-0: Swinging Strike 1-1: Foul Ball, location: 2F 1-2: Strikes out swinging
|
|
Pitching: LHP Tom Hall
|
|
|
Batting: LHB Claudell Washington
|
0-0: Foul Ball, location: 2F 0-1: Foul Ball, location: 2F 0-2: Strikes out looking and he ARGUES THE CALL AND IS TOSSED!
|
|
Batting: LHB Willie Aikens
|
0-0: Swinging Strike 0-1: Ball 1-1: Called Strike 1-2: Ball 2-2: Fly out, F8 (Flyball, 8LXD, EV 105.0 MPH)
|
| Bottom of the 7th over - 0 runs, 0 hits, 0 errors, 0 left on base; Minnesota 0 - Boston 3 |
| TOP OF THE 8TH |
|
Minnesota Twins batting - Pitching for Boston Red Sox : LHP Kenneth Kollmyer
|
|
Now in LF: Albert Hall
|
|
|
Batting: RHB George Foster
|
0-0: SINGLE (Line Drive, 56, EV 98.8 MPH)
|
|
Batting: RHB Brook Jacoby
|
0-0: Swinging Strike 0-1: Called Strike 0-2: Grounds into double play, 4-6-3 (Groundball, 4M, EV 93.1 MPH)
|
|
Batting: LHB Ken Oberkfell
|
0-0: Swinging Strike 0-1: Called Strike 0-2: Ball 1-2: Ball 2-2: Strikes out swinging
|
| Top of the 8th over - 0 runs, 1 hit, 0 errors, 0 left on base; Minnesota 0 - Boston 3 |
| BOTTOM OF THE 8TH |
|
Boston Red Sox batting - Pitching for Minnesota Twins : LHP Tom Hall
|
|
Batting: RHB Jeff Burroughs
|
0-0: Swinging Strike 0-1: Ground out 5-3 (Groundball, 5, EV 87.5 MPH)
|
|
Batting: LHB George Brett
|
0-0: DOUBLE (Line Drive, 7D, EV 106.9 MPH)
|
|
Batting: SHB Dave Collins
|
0-0: Intentional Walk
|
|
Batting: SHB Scotti Madison
|
0-0: Fly out, F7 (Flyball, 7LM, EV 81.3 MPH)
|
|
Batting: LHB Daryl Sconiers
|
0-0: Called Strike 0-1: Ball 1-1: Fly out, F6 (Popup, 4M, EV 70.6 MPH)
|
| Bottom of the 8th over - 0 runs, 1 hit, 0 errors, 2 left on base; Minnesota 0 - Boston 3 |
| TOP OF THE 9TH |
|
Minnesota Twins batting - Pitching for Boston Red Sox : LHP Kenneth Kollmyer
|
|
Batting: RHB Lee Lacy
|
0-0: Foul Ball, location: 2F 0-1: Foul Ball, location: 2F 0-2: Ground out 3-1 (Groundball, 13, EV 84.4 MPH)
|
|
Batting: RHB Steve Brye
|
0-0: Foul Ball, location: 2F 0-1: Ball 1-1: Ground out U3 (Groundball, 34, EV 85.6 MPH)
|
|
Batting: RHB Tom Brown
|
0-0: Ground out 5-3 (Groundball, 56, EV 101.3 MPH)
|
| Top of the 9th over - 0 runs, 0 hits, 0 errors, 0 left on base; Minnesota 0 - Boston 3 |
|